[Event "Late-Titled-Tuesday-Blitz-April-30-2024"]
[Site "Chess.com"]
[Date "2024.04.30"]
[Round "2"]
[White "arenal72"]
[Black "Sanan_Sjugirov"]
[Result "0-1"]
[WhiteElo "2623"]
[BlackElo "3008"]
[TimeControl "180+1"]
[EndTime "14:19:26 PDT"]
[Termination "Sanan_Sjugirov won by resignation"]

1. Nf3 Nf6 2. g3 d5 3. Bg2 c6 4.
O-O Bg4 5. h3 Bh5 6. d3 e6 7. c4 dxc4 8. dxc4 Nbd7 9. Nc3 Be7 10. Nh4 Qc7 11. Qc2 O-O 12. Be3 Bc5 13. Bxc5 Nxc5 14.
b4 Ncd7 15. Rfd1 a5 16. a3 Rfd8 17. g4 Bg6 18. Nxg6 hxg6 19. e3 axb4 20. axb4 Rxa1 21.
Rxa1 Ne5 22. Ne2 g5 23. Nd4 Qb6 24. Qc3 Qc7 25. Qc2 Qe7 26. Qc3 Ng6 27. Ra7 Rd7 28. Qc2 Nh4 29. Ra8+ Rd8 30. Rxd8+ Qxd8 31. b5 c5 32. Nf3 Nxf3+ 33. Bxf3 b6 34. Qd1 Qxd1+ 35. Bxd1 Ne4 36. Kg2 Kf8 37. Bc2 Nd6 38. Bd3 Ke7 39. f4 Kf6 40. Kf3 e5 41. fxg5+ Kxg5 42. Kg3 e4 43.
h4+ Kf6 44. Be2 Ke5 45. Kf2 f5 46. g5 f4 47. exf4+ Kxf4 48. g6 Nf5 49. h5 Kg5 50.
Bd1 Kf4 51. Be2 e3+ 52. Ke1 Kg5 53. Bf3 Nd4 54. Bd1 e2 55. Bxe2 Nxe2 56. Kxe2 Kxh5 57. Ke3 Kxg6 58. Ke4 Kf6 59. Kd5 g5 60. Kc6 g4 61.
Kxb6 g3 62. Ka7 g2 63. b6 g1=Q 64. b7 Qa1+ 65. Kb6 Qb2+ 66. Kc7 Qe5+ 67. Kc8 Qe6+ 68. Kc7 Qxc4 69. b8=Q Qf4+ 70. Kc8 Qxb8+ 71. Kxb8 c4 0-1

[Event "Late-Titled-Tuesday-Blitz-April-30-2024"]
[Site "Chess.com"]
[Date "2024.04.30"]
[Round "2"]
[White "KorolDimitriy75"]
[Black "Bykov_Egor"]
[Result "1-0"]
[WhiteElo "2357"]
[BlackElo "2614"]
[TimeControl "180+1"]
[EndTime "14:19:26 PDT"]
[Termination "KorolDimitriy75 won by resignation"]

1. d4 Nf6 2. c4 g6 3. Nc3 Bg7 4. e4 d6 5. Nf3 O-O 6. Be2 e5 7. dxe5 dxe5 8. Qxd8 Rxd8 9. Bg5 Re8 10. O-O-O h6 11. Bh4 Bg4 12. Nd5 Nxd5 13. cxd5 c6 14. Ng1 Bd7 15. Bc4 b5 16. dxc6 Bxc6 17. Bd5 Bxd5 18.
Rxd5 Nc6 19. Ne2 Rac8 20. Kb1 a6 21. Rhd1 f5 22. f3 fxe4 23. fxe4 Nd4 24. Nxd4 exd4 25.
Bf2 Rxe4 26. Bxd4 Bxd4 27. R5xd4 Rxd4 28. Rxd4 Rc6 29. Rd7 h5 30. g3 Rf6 31. Kc2 Rf2+ 32. Rd2 Rxd2+ 33. Kxd2 Kf7 34. Kc3 Ke6 35. Kb4 Kf5 36.
Ka5 Kg4 37. Kxa6 Kh3 38. Kxb5 Kxh2 39. a4 g5 40. a5 h4 41. gxh4 g4 42. a6 g3 43. a7 g2 44. a8=Q g1=Q 45. Qb8+ Kh3 46. Qc8+ Kxh4 47. Qc4+ Kh5 48. b4 Qg7 49. Qc5+ Kg4 50.
Ka6 Qf6+ 51. Ka5 Qa1+ 52. Kb6 Qd1 53. b5 Qd8+ 54. Qc7 Qf6+ 55. Kb7 Kh3 56. b6 Qf3+ 57. Kb8 Qf8+ 58. Qc8+ 1-0

[Event "Late-Titled-Tuesday-Blitz-April-30-2024"]
[Site "Chess.com"]
[Date "2024.04.30"]
[Round "2"]
[White "PoAslan"]
[Black "JonasEilenberg"]
[Result "1-0"]
[WhiteElo "2381"]
[BlackElo "2553"]
[TimeControl "180+1"]
[EndTime "14:19:26 PDT"]
[Termination "PoAslan won by checkmate"]

1. e4 c5 2. Nf3 Nc6 3. Bb5 e6 4. Bxc6 bxc6 5. d3 Ne7 6. Be3 d6 7. Nbd2 f6 8. h4 e5 9. h5 Be6 10. Qe2 Qd7 11. b3 f5 12. exf5 Nxf5 13. h6 g6 14. Ne4 Be7 15. O-O O-O 16. Rae1 Nd4 17. Nxd4 cxd4 18. Bg5 Bd5 19. f4 Bxg5 20. Nxg5 exf4 21.
Qe7 Qxe7 22. Rxe7 Rf5 23. Rg7+ Kh8 24. Rxh7+ Kg8 25. Rg7+ Kh8 26. Nf3 Rg8 27. Rxg8+ Kxg8 28. Nxd4 Rg5 29. Rxf4 Rxg2+ 30. Kf1 c5 31. Nf3 Bxf3 32.
Rxf3 Rxc2 33. Rf6 Kh7 34. a4 Rc3 35. Rxd6 Rxb3 36. Ke2 Kxh6 37. Rd7 Rb2+ 38. Ke3 Rb3 39. Kd2 Ra3 40. Rxa7 g5 41. a5 g4 42. Ke2 Kg5 43. a6 Kf4 44. Rf7+ Kg3 45. a7 Ra2+ 46. Ke3 Kg2 47. Rf2+ Rxf2 48. a8=Q+ Rf3+ 49. Ke2 Kg3 50. Qb8+ Kg2 51. Qb7 Kg3 52. Qc7+ Kg2 53. Qc6 Kg3 54. Qd6+ Kg2 55. Qd5 Kg3 56. Qe5+ Kg2 57. Qxc5 Rh3 58. Qd5+ Kh2 59. Qe5+ g3 60. Kf3 Kh1 61. Qf5 Rh2 62.
Kxg3 Rg2+ 63. Kf3 Rh2 64. Qe4 Kg1 65. Qe1# 1-0

[Event "Late-Titled-Tuesday-Blitz-April-30-2024"]
[Site "Chess.com"]
[Date "2024.04.30"]
[Round "2"]
[White "Iskusnyh"]
[Black "shimastream"]
[Result "0-1"]
[WhiteElo "2625"]
[BlackElo "3025"]
[TimeControl "180+1"]
[EndTime "14:19:28 PDT"]
[Termination "shimastream won on time"]

1. d4 b6 2. c4 Bb7 3. Nc3 g6 4. e4 Bg7 5. Nf3 d6 6. Bd3 e6 7. O-O Nd7 8. Be3 h6 9. Qd2 g5 10. d5 Qe7 11. Nd4 Ngf6 12. Bc2 Ng4 13. Ndb5 Nde5 14. dxe6 fxe6 15. Bd4 a6 16. Na3 c5 17. Be3 O-O 18. Kh1 Nxe3 19. Qxe3 Rf7 20. Rad1 Raf8 21.
f3 Ng6 22. Bd3 Be5 23. Rfe1 g4 24. Be2 Qh4 25. Qg1 gxf3 26. Bxf3 Kh7 27. Nc2 Rg8 28.
Rf1 Qg5 29. Ne1 Nh4 30. Qf2 Rgf8 31. Qe2 Ng6 32. Nd3 Bd4 33. e5 Bxf3 34. Rxf3 Rxf3 35. gxf3 Nxe5 36. Nxe5 Bxe5 37. Ne4 Qf4 38. Rf1 Rg8 39. Ng3 Kh8 40. Rf2 Qh4 41. Nf1 Rf8 42. Rg2 Qf4 43. Rg3 Qd4 44. Rh3 Kh7 45. Nd2 Qxb2 46. Qe3 Qc1+ 47.
Kg2 Rg8+ 48. Rg3 Bxg3 49. hxg3 Qc2 50. Kh3 Qg6 51. g4 d5 52. Nf1 d4 53. Qe2 d3 54.
Qe3 Rd8 55. Nd2 Qg5 56. Qf2 Qf4 57. Kg2 Rg8 58. Kh3 h5 59. Qh4 Qxd2 60. Qe7+ Rg7 0-1

[Event "Late-Titled-Tuesday-Blitz-April-30-2024"]
[Site "Chess.com"]
[Date "2024.04.30"]
[Round "2"]
[White "JaackCamel"]
[Black "DeArron_Fox"]
[Result "0-1"]
[WhiteElo "2263"]
[BlackElo "2504"]
[TimeControl "180+1"]
[EndTime "14:19:29 PDT"]
[Termination "DeArron_Fox won by resignation"]

1. d4 d5 2. c4 e6 3. Nc3 Nf6 4. cxd5 exd5 5. Bg5 c6 6. e3 Be7 7. Bd3 Nbd7 8. Nge2 Nh5 9. Bxe7 Qxe7 10. Qc2 g6 11.
O-O-O Nb6 12. h3 Be6 13. Kb1 O-O-O 14. Rc1 Kb8 15. Na4 Nxa4 16. Qxa4 Ng7 17. g4 h5 18. Rc3 Bc8 19. Rg1 hxg4 20. hxg4 Rh2 21. Rf1 Ne8 22. Ra3 a6 23. Rb3 Ka7 24. Qa5 Qc7 25.
Qc5+ Ka8 26. Nf4 Nd6 27. f3 Be6 28. Rc1 Qd7 29. Qb6 Nb5 30. a4 Na7 31. Bxa6 bxa6 32.
Qxa6 Rb8 33. Rxb8+ Kxb8 34. Rc3 Qb7 35. Qxb7+ Kxb7 36. Rb3+ Kc7 37. Nd3 Rh3 38. Ne5 Nc8 39. Rc3 Ne7 40. b4 f6 41. Nxc6 Nxc6 42. b5 Bd7 43. bxc6 Bxc6 44. e4 dxe4 45. d5 Rxf3 46. Rxc6+ Kb7 47.
Re6 f5 48. gxf5 gxf5 49. Kc2 Rd3 50. d6 Kc6 51. Rf6 Rd5 52. d7+ Kxd7 53. Kc3 Ke7 54. Ra6 Rd6 55. Ra5 Ke6 56. Ra8 Ke5 57. Re8+ Kf4 58.
a5 e3 59. Kc4 Kf3 60. Kc5 Rd1 61. a6 e2 62. Rf8 f4 63. Re8 e1=Q 64. Rxe1 Rxe1 65.
Kb6 Ra1 0-1

[Event "Late-Titled-Tuesday-Blitz-April-30-2024"]
[Site "Chess.com"]
[Date "2024.04.30"]
[Round "2"]
[White "Artem_Koval"]
[Black "nochewycandy"]
[Result "1/2-1/2"]
[WhiteElo "2560"]
[BlackElo "2802"]
[TimeControl "180+1"]
[EndTime "14:19:34 PDT"]
[Termination "Game drawn by repetition"]

1. d4 d6 2. e4 g6 3. Nc3 Bg7 4. Nf3 a6 5. a4 b6 6. Be3 Bb7 7. Qd2 Nd7 8. Bd3 c5 9. O-O cxd4 10. Bxd4 Ngf6 11. Rfe1 O-O 12. h3 Nc5 13. Rad1 Rc8 14. b4 Nxd3 15. cxd3 Re8 16. Rc1 e5 17. Be3 d5 18.
exd5 Nxd5 19. Nxd5 Bxd5 20. Rxc8 Qxc8 21. Ng5 b5 22. axb5 axb5 23. Ne4 Qa8 24. f3 Bxe4 25. dxe4 Rd8 26. Qe2 Qa4 27. Bc5 Bf8 28. Rc1 Qa3 29. Rc2 Bxc5+ 30. bxc5 b4 31. c6 b3 32. c7 Rc8 33. Rc6 b2 34. Rb6 Rxc7 35. Qxb2 Qe3+ 36. Kh2 Qf4+ 37. g3 Qg5 38. h4 Qe7 39. Rb5 Rc5 40. Rxc5 Qxc5 41. Kh3 h5 42. Kg2 Kh7 43. Qa2 Kg7 44.
Qb2 Qd6 45. Qc2 Qd4 46. Qa2 Qc3 47. Qe2 Kf6 48. Qa2 Qd3 49. Kf2 Qd1 50. Kg2 Qe1 51. Qa6+ Kg7 52. Qa2 Qe3 53. Qb2 Kf6 54. Qa2 g5 55.
hxg5+ Qxg5 56. Kf2 h4 57. gxh4 Qxh4+ 58. Ke3 Qe1+ 59.
Kd3 Kg6 60. Qg2+ Kf6 61. Qg4 Qd1+ 62. Ke3 Qd4+ 63. Ke2 Ke7 64. Qg5+ f6 65. Qg8 Qb2+ 66. Ke3 Qc3+ 67. Ke2 Qc2+ 68. Ke3 Qc3+ 69. Ke2 Qc2+ 70. Ke3 Qc3+ 1/2-1/2

[Event "Late-Titled-Tuesday-Blitz-April-30-2024"]
[Site "Chess.com"]
[Date "2024.04.30"]
[Round "2"]
[White "MKlose11"]
[Black "Njal28"]
[Result "0-1"]
[WhiteElo "2633"]
[BlackElo "3091"]
[TimeControl "180+1"]
[EndTime "14:19:35 PDT"]
[Termination "Njal28 won by resignation"]

1. e4 e5 2. Nf3 Nc6 3. d4 exd4 4. Bc4 Nf6 5. O-O Nxe4 6. Re1 d5 7. Bxd5 Qxd5 8.
Nc3 Qa5 9. Nxe4 Be7 10. Bg5 O-O 11. Bxe7 Nxe7 12. Qxd4 Nc6 13. Qc3 Qxc3 14. Nxc3 Bf5 15.
Nd5 Bxc2 16. Ne7+ Nxe7 17. Rxe7 Rac8 18. Rc1 Bf5 19. Rcxc7 Rxc7 20. Rxc7 Rc8 21. Rxc8+ Bxc8 22. Kf1 Kf8 23. Ke2 Be6 24. a3 Bd5 25. Ne1 Ke7 26.
Ke3 Kd6 27. Kd4 Kc6 28. g3 Be6 29. h4 Kb5 30. Nd3 b6 31. Nf4 Ba2 32. Nh5 g6 33. Nf6 h5 34. Ne4 Be6 35. Ng5 Ba2 36. Ne4 Bb3 37. Ng5 a5 38. f3 Kc6 39. g4 Kd6 40.
gxh5 gxh5 41. Ne4+ Ke6 42. Ng3 Bd1 43. Nxh5 Bxf3 44.
Nf4+ Kf5 45. Nd3 f6 46. Ke3 Bc6 47. Nf2 Be8 48. b4 axb4 49. axb4 Ke5 50. Ng4+ Kf5 51.
Nf2 Bh5 52. Ne4 Ke5 53. Nc3 f5 54. Na4 f4+ 55. Kf2 b5 56. Nc5 Kf5 57. Na6 Be8 58.
Nc7 Bc6 59. Na6 Kg4 60. Nb8 Be8 61. Na6 Kxh4 62. Nc5 Bc6 63. Ne6 Kg4 64. Nd4 Bd7 65.
Ke2 Kg3 66. Kf1 f3 67. Nc2 Bh3+ 68. Ke1 f2+ 69. Kd2 f1=Q 0-1

[Event "Late-Titled-Tuesday-Blitz-April-30-2024"]
[Site "Chess.com"]
[Date "2024.04.30"]
[Round "2"]
[White "bobo_panda"]
[Black "grandmastergauri"]
[Result "1-0"]
[WhiteElo "2427"]
[BlackElo "2721"]
[TimeControl "180+1"]
[EndTime "14:19:35 PDT"]
[Termination "bobo_panda won on time"]

1. e4 e5 2. Nf3 Nc6 3. Bb5 Nf6 4. d3 Bc5 5. O-O d6 6. c3 O-O 7.
d4 Bb6 8. Re1 Bg4 9. Bxc6 bxc6 10.
dxe5 Bxf3 11. Qxf3 dxe5 12. Bg5 a5 13. Na3 h6 14. Bxf6 Qxf6 15. Qxf6 gxf6 16. Nc4 a4 17. Rad1 Rfd8 18. Kf1 Kf8 19. Ke2 Ke7 20. f3 h5 21. g3 Rxd1 22. Rxd1 Rg8 23. Kf1 Ke6 24. Kg2 Rb8 25. h4 Bc5 26. g4 Bb6 27. Kh3 Rh8 28.
Rd2 Bc5 29. Rg2 Be7 30. Ne3 hxg4+ 31. fxg4 a3 32. b3 Rd8 33. Nf5 Rd3+ 34. Rg3 Rd2 35. h5 Bf8 36. h6 Bxh6 37. Nxh6 Rxa2 38. Nf5 Rb2 39. Rg1 Rxb3 40. Rc1 a2 41. Ra1 Rxc3+ 42. Kh4 Rc2 43. Ng7+ Kd6 44. Ne8+ Kc5 45. Nxf6 Kb4 46. Nd7 Kb3 47. Nxe5 Kb2 48. Rxa2+ Kxa2 49. Nxf7 c5 50. e5 c4 51. g5 c3 52. g6 Rg2 53. Ng5 Rh2+ 54. Kg3 c2 55. g7 Rh1 56. g8=Q+ Kb2 57.
Nf3 c1=Q 58. Qg4 Rf1 59. Qb4+ Kc2 60. Qc4+ Kb1 61. Qb3+ Qb2 62. Qd3+ Ka2 63. Qxf1 Qc3 64. Qe2+ Ka3 65. Qe4 Qc1 66. Qd3+ Kb4 67. Kg4 1-0

[Event "Late-Titled-Tuesday-Blitz-April-30-2024"]
[Site "Chess.com"]
[Date "2024.04.30"]
[Round "2"]
[White "dosto07"]
[Black "AsaHoffmann"]
[Result "1/2-1/2"]
[WhiteElo "2517"]
[BlackElo "2317"]
[TimeControl "180+1"]
[EndTime "14:19:37 PDT"]
[Termination "Game drawn by repetition"]

1. e4 d6 2. d4 c6 3. Nc3 a6 4. h3 Nf6 5. Nf3 b5 6. a3 Nbd7 7. Be2 e5 8. O-O Be7 9. Re1 Bb7 10. Bg5 O-O 11. Qd2 c5 12. d5 b4 13. axb4 cxb4 14.
Na4 Nxe4 15. Bxe7 Nxd2 16. Bxd8 Nxf3+ 17. Bxf3 Rfxd8 18. c4 Nc5 19. Nxc5 dxc5 20. Rxe5 a5 21. b3 Kf8 22. Kf1 Ra6 23. Re2 Bc8 24. Rea2 Bf5 25.
Ke2 Rda8 26. Kd2 Bd7 27. Bd1 Ke7 28. Bc2 Kd6 29. h4 h6 30. f3 h5 31. Ke3 g6 32.
Kf4 Ke7 33. g4 Kf6 34. g5+ Ke7 35. Ke5 Be8 36. Be4 R8a7 37. Rd2 a4 38. d6+ Kd8 39. bxa4 Rxa4 40. Rxa4 Rxa4 41. Kf6 b3 42. d7 Bxd7 43. Bc6 Ra6 44. Rxd7+ Kc8 45. Kxf7 Rxc6 46. Rd2 Rb6 47. Rb2 Kb7 48. f4 Ka6 49. f5 gxf5 50. g6 Ka5 51. g7 Rb7+ 52. Kg6 Rxg7+ 53. Kxg7 Kb4 54. Kf6 Kxc4 55. Kxf5 Kc3 56. Rg2 c4 57. Rg3+ Kb4 58. Ke4 c3 59. Kd3 c2 60. Kd2 Ka3 61. Rg8 Ka2 62.
Rb8 Kb2 63. Rc8 Kb1 64. Rc3 Kb2 65. Rc4 Kb1 66. Rc5 Kb2 67. Rc4 Kb1 68. Rc5 Kb2 69. Rc8 Kb1 70. Rc3 Kb2 71. Rc4 1/2-1/2

[Event "Late-Titled-Tuesday-Blitz-April-30-2024"]
[Site "Chess.com"]
[Date "2024.04.30"]
[Round "2"]
[White "Legendinunknown"]
[Black "komogro"]
[Result "0-1"]
[WhiteElo "2801"]
[BlackElo "2571"]
[TimeControl "180+1"]
[EndTime "14:19:49 PDT"]
[Termination "komogro won by checkmate"]

1. e4 g6 2. d4 Bg7 3. Nf3 d6 4.
Bc4 a6 5. a4 b6 6. Nbd2 Bb7 7.
c3 e6 8. O-O h6 9. Qe2 Nd7 10.
Re1 Ne7 11. Nf1 O-O 12. Ng3 Nf6 13. Bd3 c5 14. h3 Nc6 15. Be3 cxd4 16. cxd4 Nb4 17.
Bb1 a5 18. Qd2 Kh7 19. Ra3 Rc8 20. Rc3 Qd7 21. b3 Rxc3 22. Qxc3 Rc8 23. Qd2 Qc7 24.
Rc1 Qxc1+ 25. Qxc1 Rxc1+ 26. Bxc1 Ba6 27. Ne1 Nd7 28. Be3 Kg8 29. f3 Nc6 30. d5 exd5 31. exd5 Ne7 32. Bf4 Ne5 33. Ne4 Nxd5 34. Bg3 Bf8 35.
f4 Nd7 36. f5 gxf5 37. Nd2 f4 38. Bh2 Nc5 39. Kf2 Bg7 40. Kf3 Bc3 41. Ne4 Bxe1 42. Nxd6 Nxb3 43. Ba2 Nd4+ 44. Ke4 Nc3+ 45. Kxd4 Nxa2 46.
Bxf4 Bb4 47. Nf5 Bc5+ 48. Ke5 h5 49. Kf6 Bc4 50. h4 Nc3 51. Bc1 Nxa4 52. Kg5 Be6 53. Nh6+ Kf8 54. Kxh5 b5 55. g4 b4 56. Nf5 Bxf5 57.
gxf5 b3 58. Kh6 Bd4 59. Kh7 b2 60. Bxb2 Nxb2 61. h5 a4 62. h6 a3 63. f6 a2 64. Kh8 Bxf6+ 65. Kh7 Bg5 66. Kh8 Bxh6 67. Kh7 Bc1 68. Kh8 a1=Q 69. Kh7 Bd2 70. Kh8 Nd3+ 71.
Kh7 Qg7# 0-1

[Event "Late-Titled-Tuesday-Blitz-April-30-2024"]
[Site "Chess.com"]
[Date "2024.04.30"]
[Round "2"]
[White "AlexSuv"]
[Black "Cayse"]
[Result "1-0"]
[WhiteElo "2570"]
[BlackElo "2800"]
[TimeControl "180+1"]
[EndTime "14:19:51 PDT"]
[Termination "AlexSuv won on time"]

1. Nf3 d5 2. b3 Nf6 3. Bb2 e6 4.
e3 Be7 5. c4 O-O 6. Nc3 c5 7.
cxd5 exd5 8. d4 b6 9. Be2 Nc6 10. O-O Bb7 11. Rc1 Rc8 12. dxc5 bxc5 13. Na4 Ne4 14.
Nd2 Nxd2 15. Qxd2 Nb8 16. Ba3 c4 17. Bxe7 Qxe7 18. Bf3 Rfd8 19. Rfd1 Bc6 20. Nc3 d4 21. exd4 Bxf3 22. gxf3 Nc6 23. Qe3 Qf6 24. Ne4 Qg6+ 25.
Kh1 cxb3 26. axb3 h6 27. d5 Ne5 28. Rxc8 Rxc8 29. d6 Qf5 30. Rd5 Qe6 31. Rc5 Rd8 32. b4 Qh3 33. Rc1 Nxf3 34. Qf4 Ng5 35. Ng3 Ne6 36. Qe5 Qg4 37. Qe4 Qg5 38. Rd1 Qb5 39. Nf5 Kf8 40. Ne7 g6 41. Nc6 Rd7 42. Ne5 Rd8 43.
Nc6 Qb7 44. f3 Rd7 45. Ne5 Qxe4 46. fxe4 Rd8 47. Nc6 Rc8 48. Nxa7 Rc4 49. d7 Ke7 50. Nc8+ Kd8 51. Nd6 Rxb4 52. Nxf7+ Ke7 53. d8=Q+ Nxd8 54. Nxd8 Rxe4 55. Nc6+ Ke6 56. Nd4+ Kf6 57. Nf3 h5 58. Kg2 g5 59. Rd6+ Kf5 60. Rd5+ Kf4 61. Nxg5 Re2+ 62. Kh3 Re3+ 63. Kh4 Re2 64. h3 Re8 65. Nh7 Rh8 66. Rxh5 Kf3 67. Ng5+ 1-0

[Event "Late-Titled-Tuesday-Blitz-April-30-2024"]
[Site "Chess.com"]
[Date "2024.04.30"]
[Round "2"]
[White "SVijayalakshmi"]
[Black "Abund"]
[Result "1-0"]
[WhiteElo "2562"]
[BlackElo "2772"]
[TimeControl "180+1"]
[EndTime "14:19:54 PDT"]
[Termination "SVijayalakshmi won by checkmate"]

1. d4 d5 2. c4 e6 3. Nc3 Nf6 4.
cxd5 exd5 5. Bg5 c6 6. e3 h6 7.
Bh4 Be7 8. Bd3 O-O 9. Nf3 Ne4 10. Bxe7 Qxe7 11. O-O Bf5 12. Rc1 Nd7 13. Qc2 Rfe8 14. Nd2 Nxc3 15. bxc3 Bxd3 16. Qxd3 c5 17. Qb5 b6 18. Nf3 Rac8 19. c4 cxd4 20. Nxd4 Rc5 21. Qa6 dxc4 22. Rxc4 Nb8 23. Qa4 Rec8 24. Rxc5 Rxc5 25.
Nb3 Rc8 26. h3 Qb7 27. Rd1 Nc6 28. Qe4 Qc7 29. Rc1 Qd7 30. Qa4 Qb7 31. Qg4 Ne7 32.
Rd1 Nd5 33. Rxd5 Qxd5 34. Qxc8+ Kh7 35. Qc2+ g6 36. Nd4 h5 37. a4 a6 38. Qb3 Qd7 39. Qxb6 Qxa4 40. Qa7 Qc4 41. Kh2 Qa2 42. Kg3 a5 43. Nf3 a4 44. Ng5+ Kg7 45. Qd4+ Kg8 46. Ne4 a3 47. Nf6+ Kf8 48. Nd5 Qb2 49. Qxb2 axb2 50. Nc3 Ke7 51. Kf3 Kd6 52. Ke4 Kc6 53. Kd4 Kd6 54. e4 Ke6 55. f4 h4 56. Nb1 Kd6 57. Kc3 Kc5 58. Nd2 f6 59. Nb1 g5 60. fxg5 fxg5 61. Kxb2 Kd4 62. Nc3 Ke5 63. Kc2 Kf4 64. Kd3 Kg3 65. e5 Kxg2 66. e6 g4 67.
e7 gxh3 68. e8=Q h2 69. Qe4+ Kg1 70. Ne2+ Kf1 71. Qh1+ Kf2 72. Qxh2+ Kf1 73. Qg1# 1-0

[Event "Late-Titled-Tuesday-Blitz-April-30-2024"]
[Site "Chess.com"]
[Date "2024.04.30"]
[Round "2"]
[White "marvinguevara"]
[Black "NajdorfPlayerc5"]
[Result "1-0"]
[WhiteElo "2202"]
[BlackElo "2462"]
[TimeControl "180+1"]
[EndTime "14:19:58 PDT"]
[Termination "marvinguevara won on time"]

1. e4 c5 2. Nf3 d6 3. d4 cxd4 4. Nxd4 Nf6 5. Nc3 a6 6. Bg5 Nbd7 7. Bc4 e6 8. O-O Qc7 9. Bb3 b5 10. a3 Bb7 11. Qe2 Be7 12. Rfe1 O-O 13. Rad1 Nc5 14. Bxf6 Bxf6 15. Ba2 Rac8 16. Qg4 Rfd8 17. f4 Na4 18. Nxa4 bxa4 19. c3 Qc5 20. Kh1 Rb8 21. f5 e5 22.
Nf3 Bc6 23. Qh5 Rd7 24. Ng5 Bxg5 25. Qxg5 h6 26. Qh4 Rxb2 27. Bd5 Bxd5 28. exd5 Qf2 29.
Qg4 h5 30. Qg5 h4 31. f6 Qxf6 32. Qg4 Rd8 33. Rf1 Qg6 34. Qxg6 fxg6 35. Rde1 Rf8 36.
Rxf8+ Kxf8 37. Kg1 Rb3 38. Re4 Rxa3 39. Rxh4 Ra2 40.
Rb4 Rd2 41. Rxa4 Rxd5 42. Rxa6 Ke7 43. Kf2 Rc5 44. Ra3 d5 45. Ke3 Kd6 46. Kd3 e4+ 47. Ke3 Ke5 48. g3 g5 49. Kd2 g4 50. Ra7 g5 51.
Rg7 Kf5 52. Rf7+ Ke5 53. Re7+ Kf6 54. Rd7 Rb5 55. Ke3 Ke5 56. Re7+ Kf6 57. Ra7 Rb2 58. Kd4 Rd2+ 59. Kc5 e3 60. Ra8 e2 61. Re8 Rc2 62. Re3 d4 63. Kxd4 e1=Q 64. Rxe1 Rxh2 65. Rf1+ Ke6 66. Re1+ Kd6 67. c4 Rg2 68. Re3 Rd2+ 69. Kc3 Rc2+ 70. Kxc2 1-0

[Event "Late-Titled-Tuesday-Blitz-April-30-2024"]
[Site "Chess.com"]
[Date "2024.04.30"]
[Round "2"]
[White "dianamirza"]
[Black "MusicCityMaster"]
[Result "1-0"]
[WhiteElo "1991"]
[BlackElo "2423"]
[TimeControl "180+1"]
[EndTime "14:19:59 PDT"]
[Termination "dianamirza won by resignation"]

1. e4 e6 2. d3 d5 3. Nd2 Nf6 4.
g3 Nc6 5. Bg2 Bc5 6. Ngf3 O-O 7.
O-O dxe4 8. dxe4 e5 9. a4 a5 10. Qe2 Qe7 11. Nc4 b6 12. b3 Ba6 13. Bb2 Rad8 14.
Rad1 Qe6 15. Ng5 Qe7 16. Kh1 h6 17. Nh3 Qe6 18. f4 Bxc4 19. bxc4 Nd4 20. Bxd4 Bxd4 21.
fxe5 Qxe5 22. Rf5 Qe7 23. e5 Nh7 24. Bd5 Bc5 25. Rdf1 Kh8 26. Rxf7 Rxf7 27. Rxf7 Qe8 28. Qg4 Qxe5 29. Nf4 Qe1+ 30. Kg2 Qg1+ 31. Kh3 Ng5+ 32.
Kh4 Qxh2+ 33. Nh3 Qxh3+ 34. Qxh3 Nxh3 35. Kxh3 Bd6 36. Kg4 Kh7 37. Be4+ Kg8 38. Bd5 Kh8 39. Kf3 Re8 40. g4 Kh7 41. Be4+ Kg8 42. Bd5 Rf8 43. Rf6+ Kh7 44. Rxf8 Kg6 45. Ra8 Kf6 46. Bc6 Ke5 47. Bb5 Kd4 48. Kf2 Kc3 49. Kg2 Kxc2 50. Kh3 Kc3 51. Kh4 Be5 52. Kh5 c6 53. Bxc6 Kxc4 54. Bb5+ Kc5 55. Kg6 Kd4 56. Re8 Bf6 57. Rb8 Kc5 58.
Rc8+ Kd5 59. Rc6 Bd4 60. Kf7 Ke4 61. Kg6 Kf4 62. Rc4 Ke5 63. g5 hxg5 64. Kxg5 Kd5 65. Rc8 Bf6+ 66. Kg6 Bd4 67. Rd8+ Ke4 68. Rxd4+ Kxd4 69. Kxg7 Kc5 70. Kf6 Kd6 71. Kf5 Kd5 72.
Kf6 Kd6 73. Be8 Kc7 74. Ke6 Kb7 75. Kd6 Ka6 76. Kc6 Ka7 77. Bd7 Ka6 78. Bc8+ Ka7 79. Kc7 Ka8 80. Kxb6 Kb8 81. Bd7 Ka8 82. Kxa5 Kb7 83.
Bb5 Ka7 84. Bd3 Kb7 85. Kb5 Ka7 86. a5 Kb7 87. a6+ Ka7 88. Ka5 Kb8 89. Kb6 Ka8 90.
Be4+ Kb8 91. a7+ 1-0

[Event "Late-Titled-Tuesday-Blitz-April-30-2024"]
[Site "Chess.com"]
[Date "2024.04.30"]
[Round "2"]
[White "Kotlyar_K"]
[Black "FredddieCroderg"]
[Result "1/2-1/2"]
[WhiteElo "2713"]
[BlackElo "2416"]
[TimeControl "180+1"]
[EndTime "14:20:06 PDT"]
[Termination "Game drawn - insufficient material"]

1. e4 c6 2. d4 d5 3. e5 Be6 4. h4 h5 5. Bd3 Qc8 6. Nf3 Nh6 7. O-O Bf5 8. Re1 Na6 9. Bxh6 Rxh6 10. c3 Bxd3 11.
Qxd3 Qg4 12. Nbd2 e6 13. Nf1 Be7 14. Ne3 Qg6 15. Qe2 Qh7 16. g3 Nc7 17. a4 Kf8 18. b4 Kg8 19. b5 c5 20. Ng2 c4 21.
Nf4 Qf5 22. Kg2 Kh8 23. Reb1 Rg8 24. Rh1 Ne8 25. a5 g6 26. Nh3 Qg4 27. Nhg5 Rf8 28. Qe3 Ng7 29. Nxf7+ Rxf7 30. Qxh6+ Kg8 31. Qe3 Nf5 32.
Qe2 Nxh4+ 33. Rxh4 Bxh4 34. Re1 Be7 35. Nd2 Qg5 36.
Qe3 Kg7 37. Qxg5 Bxg5 38. Nf3 Be7 39. Rb1 Rf8 40. a6 b6 41. Rh1 Kh6 42. g4 Rf4 43. Kg3 Rxg4+ 44. Kh3 Rf4 45. Kg3 g5 46. Nd2 h4+ 47.
Kg2 Kh5 48. f3 g4 49. fxg4+ Rxg4+ 50. Kf2 Bg5 51. Nf3 Rf4 52. Ke2 Rg4 53. Rh2 Bf4 54.
Rf2 Bg3 55. Rg2 Rf4 56. Rg1 Kg4 57. Nd2 Rf2+ 58. Kd1 h3 59. Nf1 Rf3 60. Nh2+ Kf4 61. Nxf3 Kxf3 62. Kd2 h2 63. Rd1 Kg2 64. Ke3 h1=Q 65.
Rxh1 Kxh1 66. Kf3 Bh2 67. Kg4 Bg1 68. Kg5 Bxd4 69. Kf6 Bxc3 70. Kxe6 Bxe5 71. Kxe5 c3 72. Kxd5 c2 73. Kc6 c1=Q+ 74. Kb7 Qc5 75. Kxa7 Qxb5 76.
Kb7 Qxa6+ 77. Kxa6 b5 78. Kxb5 1/2-1/2

[Event "Late-Titled-Tuesday-Blitz-April-30-2024"]
[Site "Chess.com"]
[Date "2024.04.30"]
[Round "2"]
[White "SHIVACalypso"]
[Black "ab-lsv"]
[Result "0-1"]
[WhiteElo "2516"]
[BlackElo "2353"]
[TimeControl "180+1"]
[EndTime "14:20:09 PDT"]
[Termination "ab-lsv won by checkmate"]

1. d4 d5 2. c4 c6 3. Nc3 Nf6 4. e3 Bf5 5. Bd3 Bxd3 6. Qxd3 e6 7. Nge2 Nbd7 8. O-O Bd6 9. b3 O-O 10. h3 Re8 11. e4 dxe4 12. Nxe4 Be7 13. N2c3 c5 14. dxc5 Nxc5 15. Nxc5 Bxc5 16. Qc2 a6 17. Bg5 Be7 18. Rad1 Qc7 19. Qe2 Rad8 20. Rxd8 Rxd8 21. Rd1 h6 22. Bh4 Rxd1+ 23. Qxd1 Qe5 24.
Qd3 Bb4 25. Ne2 Qa1+ 26. Kh2 Qxa2 27. Bxf6 gxf6 28. Ng3 Qxf2 29. Ne4 Qf4+ 30. g3 Qe5 31. Nf2 f5 32. Kg2 Bc5 33. Nd1 Qe4+ 34. Qxe4 fxe4 35.
Nc3 f5 36. Ne2 Kf7 37. Nf4 Kf6 38. Kf1 Bd6 39. Ne2 Ke5 40. Kf2 Bc5+ 41. Kg2 b5 42.
cxb5 axb5 43. Kf1 Be3 44. Ke1 Kd5 45. Kf1 Kc5 46. g4 Kb4 47. gxf5 exf5 48. Ng3 Kxb3 49. Nxf5 Kc3 50. Nxe3 b4 51. Nd5+ Kc4 52. Nb6+ Kb5 53. Nd5 Kc4 54. Nb6+ Kd3 55. Ke1 b3 56. Na4 Ke3 57.
Nc3 Kf3 58. Kd1 e3 59. Kc1 e2 60. Kd2 b2 61. Nxe2 b1=Q 62. Nd4+ Ke4 63. Nc2 Qb2 64. Kd1 Kd3 65. Ne1+ Kc3 66. Nf3 Qf2 67. h4 Qxf3+ 68.
Ke1 Qg2 69. h5 Kd3 70. Kd1 Qd2# 0-1

[Event "Late-Titled-Tuesday-Blitz-April-30-2024"]
[Site "Chess.com"]
[Date "2024.04.30"]
[Round "2"]
[White "artin10862"]
[Black "Bilan_Danila"]
[Result "1-0"]
[WhiteElo "2855"]
[BlackElo "2566"]
[TimeControl "180+1"]
[EndTime "14:20:15 PDT"]
[Termination "artin10862 won by resignation"]

1. c4 c6 2. Nf3 d5 3. e3 Nf6 4. Nc3 e6 5. d4 Nbd7 6. Qc2 Be7 7.
g4 dxc4 8. Bxc4 Nd5 9. Bd2 b6 10.
h4 Bb7 11. Nxd5 cxd5 12. Bd3 Nf6 13. g5 Ne4 14. Qa4+ Kf8 15. Bb4 Bxb4+ 16. Qxb4+ Qd6 17. Qxd6+ Nxd6 18. Rc1 Rc8 19. Rxc8+ Bxc8 20. Kd2 Bb7 21. Rc1 Ke7 22. Ne5 Rc8 23. Rxc8 Nxc8 24. Bxh7 g6 25. h5 gxh5 26. f3 Nd6 27. Bd3 f6 28. gxf6+ Kxf6 29. Ke1 Nf7 30. Nxf7 Kxf7 31. Kf2 Kf6 32. Kg3 Kg5 33.
f4+ Kf6 34. Kh4 Bc6 35. Kxh5 Be8+ 36. Kh4 Bf7 37. Kg4 Be8 38. f5 Bd7 39. fxe6 Bxe6+ 40. Kf4 Bf7 41. Bf5 Bh5 42. Bc8 Bf7 43. a3 Bg8 44. Kf3 Bf7 45. Ke2 Ke7 46. Bf5 Kd6 47. Kd2 Be8 48. Kc3 Bb5 49. Bd3 Bd7 50. Kb4 a5+ 51.
Kc3 Be8 52. Kd2 Bd7 53. Bf1 Bf5 54. Ke1 Be4 55. Kf2 Bf5 56. Kg3 Be4 57. Kf4 Ke6 58. Kg5 Bb1 59. Bh3+ Ke7 60. Bf5 Ba2 61. Bd3 Bb3 62. Kf5 Kd6 63. Kf6 Ba4 64. Kf7 Bc6 65.
Kf8 Bd7 66. Bg6 Ba4 67. Be8 Bd1 68. Bb5 Bh5 69. Bd3 Kd7 70. Bf5+ Kd6 71. Bh3 Bg6 72. Bg4 Bd3 73. Ke8 Be4 74. Kd8 Kc6 75. Bd7+ Kd6 76. Kc8 b5 77. Bxb5 1-0